 Dungeon Crawl Stone Soup version 0.22.1-2-g9c5b331 (webtiles) character file.

1178 nightchill the Basher (level 8, -1/53 HPs)
             Began as a Gargoyle Fighter on Dec 27, 2018.
             Slain by an orc warrior
             ... wielding a +0 flail
              (12 damage)
             ... on level 6 of the Dungeon.
             The game lasted 00:14:34 (5255 turns).

nightchill the Basher (Gargoyle Fighter)            Turns: 5255, Time: 00:14:35

Health: -1/53      AC: 18    Str: 25    XL:     8   Next: 41%
Magic:  8/8        EV:  4    Int: 11    God:
Gold:   335        SH:  9    Dex:  9    Spells: 7/7 levels left

rFire    . . .     SeeInvis .   m - +2 whip (elec)
rCold    . . .     Gourm    .   c - +0 shield
rNeg     + + .     Faith    .   g - +0 plate armour
rPois    ∞         Spirit   .   o - +0 helmet
rElec    +         Reflect  .   (no cloak)
rCorr    .         Harm     .   (no gloves)
MR       .....                  (no boots)
Stlth    ..........             (no amulet)
HPRegen  0.17/turn              v - ring of wizardry
MPRegen  0.11/turn              z - ring of positive energy

@: mighty
A: negative energy resistance 1, electricity resistance, unbreathing,
petrification resistance, rot immunity, AC +5
a: no special abilities


You were on level 6 of the Dungeon.
You were very hungry.

You visited 1 branch of the dungeon, and saw 6 of its levels.

You collected 335 gold pieces.

Inventory:

Hand Weapons
 a - a +0 flail
 i - a +1 flail of protection
 m - a +2 whip of electrocution (weapon)
 B - a cursed -2 morningstar
Missiles
 j - 209 stones (quivered)
 l - 2 throwing nets
Armour
 b - a +0 scale mail
 c - a +0 shield (worn)
 g - a +0 plate armour (worn)
 o - a +0 helmet (worn)
Jewellery
 s - an uncursed amulet of faith
 v - a ring of wizardry (left hand)
 y - a +4 ring of dexterity
 z - a ring of positive energy (right hand)
 A - an uncursed ring of fire
Wands
 n - a wand of iceblast (4)
Scrolls
 h - 5 scrolls of teleportation
 k - a scroll of noise
 p - a scroll of identify
Potions
 q - 2 potions of brilliance
 r - 2 potions of curing
 t - a potion of lignification
 u - a potion of cancellation
 w - a potion of flight
 x - a potion of magic
Comestibles
 f - 12 rations


   Skills:
 + Level 7.0 Fighting
 * Level 8.2 Maces & Flails
 - Level 3.2 Armour
 - Level 3.2 Shields


You had 7 spell levels left.
You didn't know any spells.
Your spell library contained the following spells:

 Spells                   Type           Power        Failure   Level  Hunger
 Confusing Touch          Hex            #.....       100%        1    ##.....
 Confuse                  Hex            #.......     100%        3    ####...
 Gell's Gravitas          Tloc           #.........   100%        3    ####...
 Petrify                  Tmut/Erth      #.......     100%        4    #####..
 Metabolic Englaciation   Hex/Ice        #.........   100%        5    ######.
 Yara's Violent Unravell  Hex/Tmut       #.........   100%        5    ######.


Dungeon Overview and Level Annotations

Branches:
Dungeon (6/15)
 Temple: D:4-7

Altars:
Cheibriados
Elyvilon
Kikubaaqudgha
Sif Muna
Wu Jian
Yredelemnul
Zin

Annotations:
D:6 exclusion: worker ant


Innate Abilities, Weirdness & Mutations

You are resistant to torment.
Your stone body is resilient. (AC +5)
You are immune to poison.
You resist negative energy. (rN+)
You are resistant to electric shocks. (rElec)
You can survive without breathing.
You are immune to petrification.
You are immune to rotting.


Message History

The orc warrior is severely wounded.
The orc warrior hits you with a flail!
Your shield and plate armour prevent you from hitting the orc warrior.
The orc warrior is severely wounded.
The orc warrior hits you with a flail!
* * * LOW HITPOINT WARNING * * *
You feel very mighty all of a sudden. You block the orc warrior's attack.
You hit the orc warrior.
The orc warrior is severely wounded.
The orc sings a few bars from the Orcish anthem.
You hit the orc warrior.
The orc warrior is almost dead.
The orc warrior completely misses you.
You hit the orc warrior.
The orc warrior is almost dead.
Your shield and plate armour prevent you from hitting the orc warrior.
The orc warrior is almost dead.
The orc warrior hits you with a flail!
You die...

#### ########### .....
#.........#
.....o######.#######.#
....o{o@........>....#
.....o######.#########
.._.. #.###### ....
#......# ... ######.#
.. #.# . #.# #.# #.#


You could see an orc warrior and 3 orcs.

Vanquished Creatures
  A necrophage (D:6)
  A phantom (D:5)
  An ogre (D:4)
  2 centaurs
  A scorpion (D:4)
  A howler monkey (D:6)
  A vampire bat (D:5)
  4 hounds
  2 centaur skeletons
  2 bullfrog skeletons (D:5)
  An iguana (D:5)
  Natasha (twice) (D:2)
  4 orc wizards
  2 worker ants
  A hound skeleton (D:5)
  5 adders
  An ooze (D:3)
  An adder zombie (D:5)
  2 worms
  3 dart slugs
  3 leopard geckos
  15 orcs
  3 bat skeletons (D:5)
  3 bat zombies (D:5)
  2 giant cockroaches (D:2)
  7 goblins (D:1)
  8 hobgoblins
  6 jackals
  A quokka (D:2)
  A ball python (D:5)
  10 bats
  7 frilled lizards
  6 kobolds (D:1)
  10 rats
120 creatures vanquished.

Notes
Turn   | Place    | Note
-------+----------+-------------------------------------------
     0 | D:1      | nightchill the Gargoyle Fighter began the quest for the
                  | Orb.
     0 | D:1      | Reached XP level 1. HP: 14/14 MP: 1/1
   301 | D:1      | Reached XP level 2. HP: 19/19 MP: 2/2
   503 | D:1      | Reached skill level 3 in Maces & Flails
   509 | D:1      | Reached XP level 3. HP: 24/24 MP: 3/3
  1060 | D:1      | Found a deep blue altar of Sif Muna.
  1163 | D:2      | Found an ornate altar of the Wu Jian Council.
  1172 | D:2      | Noticed Natasha
  1204 | D:2      | Killed Natasha
  1204 | D:2      | Reached XP level 4. HP: 28/29 MP: 4/4
  1403 | D:2      | Found a snail-covered altar of Cheibriados.
  1524 | D:2      | Noticed Natasha
  1537 | D:2      | Killed Natasha
  1537 | D:2      | Reached skill level 4 in Maces & Flails
  2033 | D:3      | Noticed a centaur
  2040 | D:3      | Killed a centaur
  2040 | D:3      | Reached XP level 5. HP: 31/34 MP: 5/5
  2308 | D:3      | Reached skill level 5 in Maces & Flails
  2454 | D:3      | Reached XP level 6. HP: 40/40 MP: 6/6
  2899 | D:4      | Reached skill level 5 in Fighting
  3009 | D:4      | Reached skill level 6 in Maces & Flails
  3091 | D:4      | Reached XP level 7. HP: 42/44 MP: 7/7
  3380 | D:4      | Found a basalt altar of Yredelemnul.
  3466 | D:4      | Found a glowing silver altar of Zin.
  3797 | D:5      | Entered Level 5 of the Dungeon
  4173 | D:5      | Reached skill level 7 in Maces & Flails
  4389 | D:5      | Reached XP level 8. HP: 52/52 MP: 8/8
  4428 | D:5      | Found an ancient bone altar of Kikubaaqudgha.
  5112 | D:6      | Reached skill level 8 in Maces & Flails
  5213 | D:6      | Found a white marble altar of Elyvilon.
  5255 | D:6      | Slain by an orc warrior

Skill      XL: |  1  2  3  4  5  6  7  8 |
---------------+-------------------------+-----
Maces & Flails | 3 4 5 6 7 8 |  8.2
Fighting       | 4 5 6 7 |  7.0
Armour         | |  3.2
Shields        | |  3.2

Action                   |  1- 3 |  4- 6 |  7- 9 || total
-------------------------+-------+-------+-------++-------
Melee: Flail             |    56 |       |       ||    56
       Whip              |    74 |   170 |   180 ||   424
  Use: Scroll            |       |    12 |     4 ||    16
       Potion            |       |       |     1 ||     1
  Eat: Chunk             |       |     7 |     6 ||    13
Armor: Plate armour      |    98 |    95 |   101 ||   294
Dodge: Dodged            |    19 |    21 |    17 ||    57
Block: Shield            |    82 |    61 |    58 ||   201
